| TOP OF THE 1ST |
|
Albuquerque Isotopes batting - Pitching for Indianapolis Indians : RHP Don Boudreau
|
|
Pitching: RHP Don Boudreau
|
|
|
Batting: RHB Logan Morgan
|
0-0: Fly out, F9 (Flyball, 89M, EV 93.1 MPH)
|
|
Batting: LHB Jason Raker
|
0-0: Ball 1-0: Ground out 4-3 (Groundball, 4, EV 99.4 MPH)
|
|
Batting: SHB Orlando Torres
|
0-0: Ball 1-0: Ball 2-0: Swinging Strike 2-1: Foul Ball, location: 2F 2-2: Ball 3-2: SOLO HOME RUN (Flyball, 7D, EV 96.2 MPH), Distance : 387 ft
|
|
Batting: SHB Jamel Wright
|
0-0: Reached on error, E7 (Flyball, 7D, EV 105.6 MPH)
|
|
Batting: SHB D.J. Codd
|
0-0: Foul Ball, location: 2F 0-1: Swinging Strike 0-2: Ball 1-2: Foul Ball, location: 2F 1-2: Ball 2-2: Foul Ball, location: 2F 2-2: Foul Ball, location: 2F 2-2: Strikes out swinging
|
| Top of the 1st over - 1 run, 1 hit, 1 error, 1 left on base; Albuquerque 1 - Indianapolis 0 |
| BOTTOM OF THE 1ST |
|
Indianapolis Indians batting - Pitching for Albuquerque Isotopes : RHP Mark Hincks
|
|
Pitching: RHP Mark Hincks
|
|
|
Batting: LHB Edwin Aguilar
|
0-0: Called Strike 0-1: Ground out 3-1 (Groundball, 34S, EV 80.6 MPH)
|
|
Batting: LHB Jorge Quintana
|
0-0: Ball 1-0: TRIPLE (Flyball, 78XD, EV 113.1 MPH)
|
|
Batting: RHB Alain Marquet
|
0-0: Ball 1-0: Ball 2-0: Foul Ball, location: 2F 2-1: Called Strike 2-2: Foul Ball, location: 2F 2-2: Foul Ball, location: 2F 2-2: Ball 3-2: Ground out 6-3 (Groundball, 6S, EV 86.9 MPH) Jorge Quintana scores
|
|
Batting: LHB Phil DeCamp
|
0-0: Ball 1-0: Fly out, F6 (Line Drive, 6, EV 71.2 MPH)
|
| Bottom of the 1st over - 1 run, 1 hit, 0 errors, 0 left on base; Albuquerque 1 - Indianapolis 1 |
| TOP OF THE 2ND |
|
Albuquerque Isotopes batting - Pitching for Indianapolis Indians : RHP Don Boudreau
|
|
Batting: RHB Sadataka Kuwahara
|
0-0: SINGLE (Groundball, 6MD, EV 107.5 MPH)
|
|
Batting: RHB Herb McIntyre
|
0-0: Fly out, F9 (Flyball, 89M, EV 89.4 MPH)
|
|
Batting: RHB Jerry Sanchez
|
0-0: Reached on error, E6 (Groundball, 6M, EV 98.1 MPH) Sadataka Kuwahara to second
|
|
Batting: RHB Vinny Estrada
|
0-0: Ball 1-0: Foul Ball, location: 2F 1-1: Ball 2-1: Called Strike 2-2: Strikes out swinging
|
|
Batting: RHB Logan Morgan
|
0-0: Swinging Strike 0-1: Ball 1-1: SINGLE (Groundball, 34, EV 98.8 MPH) Sadataka Kuwahara to third Jerry Sanchez to second Runner from 3rd tries for Home, SAFE, throw by RF to trailing runner, OUT at third! 9-3-5
|
| Top of the 2nd over - 1 run, 2 hits, 1 error, 1 left on base; Albuquerque 2 - Indianapolis 1 |
| BOTTOM OF THE 2ND |
|
Indianapolis Indians batting - Pitching for Albuquerque Isotopes : RHP Mark Hincks
|
|
Batting: RHB Richard Barrios
|
0-0: Ball 1-0: Called Strike 1-1: Ball 2-1: Swinging Strike 2-2: Foul Ball, location: 2F 2-2: Strikes out swinging
|
|
Batting: RHB Hugo Zacarias
|
0-0: Ball 1-0: Foul Ball, location: 2F 1-1: Ground out 1-3 (Groundball, 34S, EV 68.8 MPH)
|
|
Batting: RHB Hector Barajas
|
0-0: Swinging Strike 0-1: Foul Ball, location: 2F 0-2: Ball 1-2: Ball 2-2: Foul Ball, location: 2F 2-2: Foul Ball, location: 2F 2-2: Fly out, F8 (Line Drive, 8LM, EV 86.2 MPH)
|
| Bottom of the 2nd over - 0 runs, 0 hits, 0 errors, 0 left on base; Albuquerque 2 - Indianapolis 1 |
| TOP OF THE 3RD |
|
Albuquerque Isotopes batting - Pitching for Indianapolis Indians : RHP Don Boudreau
|
|
Batting: LHB Jason Raker
|
0-0: Called Strike 0-1: Ball 1-1: Called Strike 1-2: SINGLE (Groundball, 4D, EV 96.2 MPH)
|
|
Batting: SHB Orlando Torres
|
0-0: DOUBLE (Flyball, 78XD, EV 114.4 MPH) Jason Raker to third
|
|
Batting: SHB Jamel Wright
|
0-0: Ball 1-0: Foul Ball, location: 2F 1-1: Foul Ball, location: 2F 1-2: Strikes out swinging
|
|
Batting: SHB D.J. Codd
|
0-0: Called Strike 0-1: Ball 1-1: Fly out, F9 (Line Drive, 89M, EV 109.4 MPH) Runner from 3rd tags up, OUT at HOME! 9-2
|
| Top of the 3rd over - 0 runs, 2 hits, 0 errors, 1 left on base; Albuquerque 2 - Indianapolis 1 |
| BOTTOM OF THE 3RD |
|
Indianapolis Indians batting - Pitching for Albuquerque Isotopes : RHP Mark Hincks
|
|
Batting: LHB Donald Imre
|
0-0: Ball 1-0: Foul Ball, location: 2F 1-1: Ball 2-1: Foul Ball, location: 2F 2-2: Ball 3-2: Base on Balls
|
|
Batting: RHB Nick Wicker
|
0-0: Foul Ball, location: 2F 0-1: Ball 1-1: Foul Ball, location: 2F 1-2: Strikes out looking
|
|
Batting: LHB Edwin Aguilar
|
0-0: Foul Ball, location: 2F 0-1: Fly out, F7 (Flyball, 78S, EV 89.4 MPH)
|
|
Batting: LHB Jorge Quintana
|
0-0: Called Strike 0-1: Ball 1-1: Ball 2-1: Foul Ball, location: 2F 2-2: SINGLE (Line Drive, 7S, EV 104.4 MPH) Donald Imre to second Throwing error, E7 Donald Imre scores Jorge Quintana to second
|
|
Batting: RHB Alain Marquet
|
0-0: Foul Ball, location: 2F 0-1: Ball 1-1: Foul Ball, location: 2F 1-2: Strikes out swinging
|
| Bottom of the 3rd over - 1 run, 1 hit, 1 error, 1 left on base; Albuquerque 2 - Indianapolis 2 |
| TOP OF THE 4TH |
|
Albuquerque Isotopes batting - Pitching for Indianapolis Indians : RHP Don Boudreau
|
|
Batting: RHB Sadataka Kuwahara
|
0-0: Ball 1-0: Fly out, F9 (Flyball, 9S, EV 76.2 MPH)
|
|
Batting: RHB Herb McIntyre
|
0-0: Called Strike 0-1: Ball 1-1: Swinging Strike 1-2: Strikes out swinging
|
|
Batting: RHB Jerry Sanchez
|
0-0: Ground out 5-3 (Groundball, 5, EV 88.1 MPH)
|
| Top of the 4th over - 0 runs, 0 hits, 0 errors, 0 left on base; Albuquerque 2 - Indianapolis 2 |
| BOTTOM OF THE 4TH |
|
Indianapolis Indians batting - Pitching for Albuquerque Isotopes : RHP Mark Hincks
|
|
Batting: LHB Phil DeCamp
|
0-0: Called Strike 0-1: Ball 1-1: Ball 2-1: Ball 3-1: Base on Balls
|
|
Batting: RHB Richard Barrios
|
0-0: Ball 1-0: Fielders Choice at 2nd, 5-4 (Groundball, 56S, EV 93.8 MPH)
|
|
Batting: RHB Hugo Zacarias
|
0-0: Ball 1-0: Foul Ball, location: 2F 1-1: Foul Ball, location: 2F 1-2: Ball 2-2: Strikes out swinging
|
|
Batting: RHB Hector Barajas
|
0-0: Ball Richard Barrios steals 2nd base 1-0: Swinging Strike 1-1: Foul Ball, location: 2F 1-2: Strikes out swinging
|
| Bottom of the 4th over - 0 runs, 0 hits, 0 errors, 1 left on base; Albuquerque 2 - Indianapolis 2 |
| TOP OF THE 5TH |
|
Albuquerque Isotopes batting - Pitching for Indianapolis Indians : RHP Don Boudreau
|
|
Batting: RHB Vinny Estrada
|
0-0: Ball 1-0: Called Strike 1-1: Ball 2-1: SINGLE (Groundball, 6MD, EV 95.6 MPH)
|
|
Batting: RHB Logan Morgan
|
0-0: Ball 1-0: Called Strike 1-1: Grounds into double play, 5-4-3 (Groundball, 5, EV 103.8 MPH)
|
|
Batting: LHB Jason Raker
|
0-0: Ball 1-0: Ball 2-0: Called Strike 2-1: Ground out 4-3 (Groundball, 4D, EV 83.1 MPH)
|
| Top of the 5th over - 0 runs, 1 hit, 0 errors, 0 left on base; Albuquerque 2 - Indianapolis 2 |
| BOTTOM OF THE 5TH |
|
Indianapolis Indians batting - Pitching for Albuquerque Isotopes : RHP Mark Hincks
|
|
Batting: LHB Donald Imre
|
0-0: Ground out U3 (Groundball, 34, EV 81.9 MPH)
|
|
Batting: RHB Nick Wicker
|
0-0: Swinging Strike 0-1: Ball 1-1: Foul Ball, location: 2F 1-2: Fly out, F9 (Line Drive, 9, EV 97.5 MPH)
|
|
Batting: LHB Edwin Aguilar
|
0-0: Called Strike 0-1: Called Strike 0-2: Ball 1-2: Ball 2-2: Strikes out swinging, 2-3 out at first.
|
| Bottom of the 5th over - 0 runs, 0 hits, 0 errors, 0 left on base; Albuquerque 2 - Indianapolis 2 |
| TOP OF THE 6TH |
|
Albuquerque Isotopes batting - Pitching for Indianapolis Indians : RHP Don Boudreau
|
|
Batting: SHB Orlando Torres
|
0-0: SINGLE (Line Drive, 8LS, EV 91.9 MPH)
|
|
Batting: SHB Jamel Wright
|
0-0: Foul Ball, location: 2F 0-1: Foul Ball, location: 2F 0-2: Ball 1-2: Fielders Choice at 2nd, 5-4 (Groundball, 5, EV 82.5 MPH)
|
|
Batting: SHB D.J. Codd
|
0-0: Called Strike 0-1: Called Strike 0-2: Ball 1-2: Ball 2-2: Fly out, F9 (Line Drive, 9D, EV 85.6 MPH)
|
|
Batting: RHB Sadataka Kuwahara
|
0-0: Ball 1-0: Ball 2-0: Called Strike 2-1: Ball 3-1: Base on Balls Jamel Wright to second
|
|
Batting: RHB Herb McIntyre
|
0-0: Ball 1-0: Called Strike 1-1: Swinging Strike 1-2: Ball Balk! Jamel Wright to third Sadataka Kuwahara to second 2-2: Strikes out swinging
|
| Top of the 6th over - 0 runs, 1 hit, 0 errors, 2 left on base; Albuquerque 2 - Indianapolis 2 |
| BOTTOM OF THE 6TH |
|
Indianapolis Indians batting - Pitching for Albuquerque Isotopes : RHP Mark Hincks
|
|
Batting: LHB Jorge Quintana
|
0-0: TRIPLE (Groundball, 5L, EV 105.0 MPH)
|
|
Batting: RHB Alain Marquet
|
0-0: Called Strike 0-1: Ground out 6-3 (Groundball, 6, EV 87.5 MPH)
|
|
Batting: LHB Phil DeCamp
|
0-0: Called Strike 0-1: Ball 1-1: Ball 2-1: Ball 3-1: Foul Ball, location: 2F 3-2: Base on Balls
|
|
Batting: RHB Richard Barrios
|
0-0: Ball 1-0: Ball 2-0: Ball 3-0: Called Strike 3-1: Base on Balls Phil DeCamp to second
|
|
Batting: RHB Hugo Zacarias
|
0-0: Ball 1-0: Ball 2-0: Swinging Strike 2-1: SINGLE (Groundball, 34S, EV 66.9 MPH) (infield hit) Jorge Quintana scores Phil DeCamp to third Richard Barrios to second
|
|
Batting: RHB Hector Barajas
|
0-0: DOUBLE (Line Drive, 89D, EV 103.8 MPH) Phil DeCamp scores Richard Barrios scores Hugo Zacarias to third Runner from 3rd tries for Home, SAFE, throw by CF to trailing runner, SAFE at third!
|
|
Pitching: LHP Matt Wojtkiewicz
|
|
|
Batting: LHB Donald Imre
|
0-0: Ground out U3 (Groundball, 34, EV 91.9 MPH) Hector Barajas scores
|
|
Batting: RHB Nick Wicker
|
0-0: Swinging Strike 0-1: Called Strike 0-2: Ball 1-2: Strikes out swinging
|
| Bottom of the 6th over - 5 runs, 3 hits, 0 errors, 0 left on base; Albuquerque 2 - Indianapolis 7 |
| TOP OF THE 7TH |
|
Albuquerque Isotopes batting - Pitching for Indianapolis Indians : RHP Don Boudreau
|
|
Batting: RHB Jerry Sanchez
|
0-0: Called Strike 0-1: Ball 1-1: Fly out, F7 (Flyball, 7, EV 87.5 MPH)
|
|
Batting: RHB Vinny Estrada
|
0-0: Ball 1-0: Ball 2-0: Fly out, F7 (Line Drive, 78M, EV 92.5 MPH)
|
|
Batting: RHB Logan Morgan
|
0-0: Foul Ball, location: 2F 0-1: Foul Ball, location: 2F 0-2: Ball 1-2: Fly out, F8 (Flyball, 8LXD, EV 96.2 MPH)
|
| Top of the 7th over - 0 runs, 0 hits, 0 errors, 0 left on base; Albuquerque 2 - Indianapolis 7 |
| BOTTOM OF THE 7TH |
|
Indianapolis Indians batting - Pitching for Albuquerque Isotopes : LHP Matt Wojtkiewicz
|
|
Batting: LHB Edwin Aguilar
|
0-0: Ball 1-0: Ball 2-0: Called Strike 2-1: Fly out, F7 (Line Drive, 78D, EV 91.9 MPH)
|
|
Batting: LHB Jorge Quintana
|
0-0: Called Strike 0-1: Ball 1-1: Ball 2-1: Ball 3-1: Base on Balls
|
|
Batting: RHB Alain Marquet
|
0-0: Ball 1-0: Foul Ball, location: 2F 1-1: Fly out, F3 (Popup, 23F, EV 77.5 MPH)
|
|
Batting: LHB Phil DeCamp
|
0-0: Ball 1-0: Ball 2-0: Fly out, F8 (Flyball, 8LD, EV 105.6 MPH)
|
| Bottom of the 7th over - 0 runs, 0 hits, 0 errors, 1 left on base; Albuquerque 2 - Indianapolis 7 |
| TOP OF THE 8TH |
|
Albuquerque Isotopes batting - Pitching for Indianapolis Indians : RHP Don Boudreau
|
|
Batting: LHB Jason Raker
|
0-0: Ball 1-0: Called Strike 1-1: Foul Ball, location: 2F 1-2: DOUBLE (Line Drive, 5D, EV 96.2 MPH)
|
|
Batting: SHB Orlando Torres
|
0-0: Ball 1-0: Ball 2-0: Called Strike 2-1: Foul Ball, location: 2F 2-2: Ball 3-2: Ground out 5-3 (Groundball, 56, EV 80.0 MPH)
|
|
Batting: SHB Jamel Wright
|
0-0: Foul Ball, location: 2F 0-1: Ground out 6-3 (Groundball, 6M, EV 80.0 MPH) Jason Raker to third
|
|
Pitching: RHP Mike Amos
|
|
|
Batting: SHB D.J. Codd
|
0-0: Foul Ball, location: 2F 0-1: Ball 1-1: Ball 2-1: 2-RUN HOME RUN (Flyball, 78XD, EV 111.9 MPH), Distance : 428 ft
|
|
Batting: RHB Sadataka Kuwahara
|
0-0: Called Strike 0-1: Ball 1-1: Called Strike 1-2: Fly out, F8 (Flyball, 8RD, EV 78.8 MPH)
|
| Top of the 8th over - 2 runs, 2 hits, 0 errors, 0 left on base; Albuquerque 4 - Indianapolis 7 |
| BOTTOM OF THE 8TH |
|
Indianapolis Indians batting - Pitching for Albuquerque Isotopes : LHP Matt Wojtkiewicz
|
|
Batting: RHB Richard Barrios
|
0-0: Ball 1-0: Ball 2-0: Called Strike 2-1: Ball 3-1: Foul Ball, location: 2F 3-2: SOLO HOME RUN (Flyball, 7D, EV 98.1 MPH), Distance : 392 ft
|
|
Batting: RHB Hugo Zacarias
|
0-0: Foul Ball, location: 2F 0-1: Foul Ball, location: 2F 0-2: SINGLE (Groundball, 6D, EV 98.1 MPH)
|
|
Batting: RHB Hector Barajas
|
0-0: Called Strike 0-1: Swinging Strike 0-2: Ball 1-2: Strikes out swinging
|
|
Batting: LHB Donald Imre
|
0-0: Ball 1-0: Called Strike 1-1: Ball 2-1: Foul Ball, location: 2F 2-2: Ball 3-2: Foul Ball, location: 2F 3-2: Strikes out swinging
|
|
Pitching: RHP Sal Contreras
|
|
|
Batting: RHB Nick Wicker
|
0-0: Fielders Choice at 2nd, 5-4 (Groundball, 5, EV 105.6 MPH)
|
| Bottom of the 8th over - 1 run, 2 hits, 0 errors, 1 left on base; Albuquerque 4 - Indianapolis 8 |
| TOP OF THE 9TH |
|
Albuquerque Isotopes batting - Pitching for Indianapolis Indians : RHP Mike Amos
|
|
Batting: RHB Herb McIntyre
|
0-0: Ball 1-0: Called Strike 1-1: Ball 2-1: Swinging Strike 2-2: DOUBLE (Line Drive, 78M, EV 91.9 MPH)
|
|
Batting: RHB Jerry Sanchez
|
0-0: Swinging Strike 0-1: Ball 1-1: Fly out, F7 (Flyball, 7S, EV 90.0 MPH)
|
|
Batting: RHB Vinny Estrada
|
0-0: Foul Ball, location: 2F 0-1: Ball 1-1: Fly out, F8 (Flyball, 8LXD, EV 100.6 MPH) Runner from 2nd tags up, SAFE at 3rd, no throw by CF
|
|
Batting: RHB Logan Morgan
|
0-0: Called Strike 0-1: Ball 1-1: Ground out 5-3 (Groundball, 56S, EV 66.2 MPH)
|
| Top of the 9th over - 0 runs, 1 hit, 0 errors, 1 left on base; Albuquerque 4 - Indianapolis 8 |
|